 Dungeon Crawl Stone Soup version 0.24-a0-201-gf205589 (console) character file.

Game seed: 9505066785332423677

43 bli the Skirmisher (level 3, 0/29 HPs)
             Began as a Formicid Abyssal Knight on Mar 23, 2019.
             Was a Follower of Lugonu.
             Succumbed to Crazy Yiuf's poison
             ... on level 2 of the Dungeon.
             The game lasted 00:05:04 (1872 turns).

bli the Skirmisher (Formicid Abyssal Knight)        Turns: 1872, Time: 00:05:05

Health: 0/29       AC:  1    Str: 16    XL:     3   Next: 82%
Magic:  4/4        EV: 12    Int: 11    God:    Lugonu [*.....]
Gold:   98         SH:  0    Dex: 11    Spells: 2/2 levels left

rFire    . . .     SeeInvis +   a - +1 falchion
rCold    . . .     Gourm    .   (no shield)
rNeg     . . .     Faith    .   j - -1 robe (curse)
rPois    .         Spirit   .   (helmet unavailable)
rElec    .         Reflect  .   (no cloak)
rCorr    .         Harm     +   (no gloves)
MR       .....                  (no boots)
Stlth    +.........             g - amulet of harm
HPRegen  0.09/turn              (no ring)
MPRegen  0.09/turn              (no ring)

@: lethally poisoned (0 -> -17)
A: permanent stasis, dig shafts and tunnels, four strong arms, antennae 3
a: Dig, Shaft Self, Depart the Abyss, Renounce Religion


You were on level 2 of the Dungeon.
You worshipped Lugonu.
Lugonu was aware of your devotion.
You were not hungry.

You visited 1 branch of the dungeon, and saw 2 of its levels.
You visited the Abyss 1 time.

You collected 98 gold pieces.

Inventory:

Hand Weapons
 a - a +1 falchion (weapon)
 b - a +0 hunting sling
Missiles
 h - 45 stones (quivered)
 k - 37 sling bullets
Armour
 e - a +2 leather armour of poison resistance
 j - a cursed -1 robe (worn)
 q - a +0 leather armour
Jewellery
 g - an amulet of harm (around neck)
Scrolls
 f - a scroll of teleportation {unknown}
 i - a scroll of remove curse {unknown}
 l - 2 scrolls of identify {unknown}
 n - 2 scrolls of fear {unknown}
 p - a scroll of random uselessness {unknown}
Potions
 d - 2 potions of curing {unknown}
 m - a potion of haste {unknown}
 o - a potion of flight {unknown}
Comestibles
 c - 3 rations
 r - 3 chunks of flesh


   Skills:
 - Level 3.2 Fighting
 + Level 3.1 Long Blades
 - Level 2.1 Armour
 * Level 2.0 Dodging
 - Level 2.1 Invocations


You had 2 spell levels left.
You didn't know any spells.
Your spell library was empty.

Dungeon Overview and Level Annotations

Branches:
Dungeon (2/15)

Altars:

Annotations:
D:2 Crazy Yiuf


Innate Abilities, Weirdness & Mutations

You cannot be hasted, slowed, berserked, paralysed or teleported.
You can dig through walls and to a lower floor.
Your four strong arms can wield two-handed weapons with a shield.
You have a pair of large antennae on your head. (SInv)


Message History

r - 3 chunks of flesh (gained 1)
Things that are here:
a +0 dagger; a goblin skeleton
There is an escape hatch in the ceiling here.
There is an escape hatch in the ceiling here.
Things that are here:
a +0 dagger; a goblin skeleton
Found a mace.
Found a runed translucent door.
As you open the door, it creaks loudly!
Crazy Yiuf grits, "Lugonu!
Flower horse leg."
You closely miss Crazy Yiuf.
Crazy Yiuf hits you with a +2 quarterstaff of chaos!
Ouch! That really hurt!
You closely miss Crazy Yiuf. Crazy Yiuf barely misses you.
You barely miss Crazy Yiuf.
Crazy Yiuf hits you with a +2 quarterstaff of chaos!
* * * LOW HITPOINT WARNING * * *
You are lethally poisoned!
You hit Crazy Yiuf but do no damage.
You die...

###### ###
##....## ###..)#
#......####@g...#
##.......#..##...#
#.....#.#.### ###
#.#########
#####.###
........#### ###
#####.####.## #.#
......###...## #.#
####..##.###.###.#
# #.....# #.....#
# ##.###.###.#####


You could see Crazy Yiuf.

Vanquished Creatures
  An adder (D:2)
  A worm (D:2)
  4 goblins
  5 hobgoblins
  4 jackals
  A ball python (D:1)
  6 bats
  A frilled lizard (D:2)
  2 kobolds
  6 rats
31 creatures vanquished.

Notes
Turn   | Place    | Note
-------+----------+-------------------------------------------
     0 | Abyss:1  | bli the Formicid Abyssal Knight began the quest for the
                  | Orb.
     0 | Abyss:1  | Reached XP level 1. HP: 18/18 MP: 2/2
    76 | Abyss:2  | Noticed a ynoxinul
   110 | Abyss:2  | Noticed a small abomination
   157 | D:1      | Escaped the Abyss
   204 | D:1      | Reached skill level 1 in Dodging
   305 | D:1      | Reached * piety under Lugonu
   350 | D:1      | Reached XP level 2. HP: 24/24 MP: 3/3
  1201 | D:2      | Reached XP level 3. HP: 25/29 MP: 4/4
  1864 | D:2      | Found a runed translucent door.
  1865 | D:2      | Noticed Crazy Yiuf
  1871 | D:2      | HP: 1/29 [Crazy Yiuf/+2 quarterstaff of chaos (10)]
  1872 | D:2      | Succumbed to Crazy Yiuf's poison

Levels and vault maps discovered:
D:1:      mainiacjoe_arrival_reflecting_pool, layout_basic,
          hangedman_decor_riveting
D:2:      layout_loops_ring, uniq_crazy_yiuf_cottage
Abyss:1
Abyss:2

Skill      XL: |  1  2  3 |
---------------+----------+-----
Dodging        | 1 2 |  2.0
Long Blades    | 3 |  3.1
Fighting       | |  3.2
Armour         | |  2.1
Invocations    | |  2.1

Action                   || total
-------------------------++-------
Melee: Falchion          ||    89
Invok: Depart the Abyss  ||     1
 Stab: Sleeping          ||     1
  Eat: Chunk             ||     3
Armor: Leather armour    ||     9
       Robe              ||     7
Dodge: Dodged            ||    76
       Rpst.: Falchion   ||    26

Table legend:
 A = Non-vault XP
 B = Vault XP
 C = Vault XP percentage of total XP
 D = Non-vault monster count
 E = Vault monster count
 F = Vault count percentage of total count
                 A         B        C        D         E       F
            +---------+---------+-------+---------+---------+-------
      Total |      62 |       0 |   0.0 |      31 |       0 |   0.0
            +---------+---------+-------+---------+---------+-------
        D:1 |      22 |       0 |   0.0 |      15 |       0 |   0.0
        D:2 |      40 |       0 |   0.0 |      16 |       0 |   0.0
            +---------+---------+-------+---------+---------+-------
